 Dungeon Crawl Stone Soup version 0.20.1-1-g8b1a95d (webtiles) character file.

321734 gobwax the Hoplite (level 20, -74/195 HPs)
             Began as a Minotaur Fighter on July 5, 2017.
             Was the Champion of Okawaru.
             Annihilated by a titanic slime creature (94 damage)
             ... on level 5 of the Lair of Beasts on July 10, 2017.
             The game lasted 02:15:15 (34817 turns).

gobwax the Hoplite (Minotaur Fighter)              Turns: 34817, Time: 02:15:16

Health: -74/195    AC: 16    Str: 31    XL:     20   Next: 65%
Magic:  0/25       EV:  9    Int:  7    God:    Okawaru [******]
Gold:   2445       SH: 30    Dex: 13    Spells: 19/19 levels left

rFire    . . .     SeeInvis +   R - +6 double sword (elec)
rCold    + . .     Gourm    +   K - +2 large shield {reflect}
rNeg     + . .     Faith    .   A - +11 chain mail of Kikubaaqudgha's Envy {rC+ rN+}
rPois    +         Spirit   +   I - +1 hat
rElec    +         Reflect  +   Q - scarf {Spirit}
rCorr    +         Harm     .   (no gloves)
MR       +....                  (no boots)
Stlth    ..........             X - amulet of Tempters {Gourm *Slow +Blink rPois Slay+2}
Regen    0.5/turn               y - ring of resist corrosion
MPRegen  0.2/turn               b - ring "Zoylu" {rElec Int+2 Dex+4 Slay+5 SInv}

@: corroded, slowed, studying Armour, very slow
A: retaliatory headbutt, horns 2, molten scales 1, clumsy 1, strong 1
}: 2/15 runes: barnacled, gossamer
a: Heroism, Finesse, Renounce Religion, Evoke Blink


You were on level 5 of the Lair of Beasts.
You worshipped Okawaru.
Okawaru was exalted by your worship.
You were very full.

You visited 7 branches of the dungeon, and saw 35 of its levels.
You also visited: Labyrinth, Ice Cave, Volcano and Wizlab.

You collected 4101 gold pieces.
You spent 1656 gold pieces at shops.

Inventory:

Hand Weapons
 N - a +7 scimitar of flaming
 R - a +6 double sword of electrocution (weapon)
Armour
 a - the +1 pair of boots of Listlessness {-Tele Regen+ rCorr Dex+7}
   (You bought it in a shop on level 2 of the Orcish Mines)

   It affects your dexterity (+7).
   It prevents most forms of teleportation.
   It increases your rate of regeneration.
   It protects you from acid and corrosion.
 A - the +11 chain mail of Kikubaaqudgha's Envy (worn) {rC+ rN+}
   (You found it on level 3 of the Spider Nest)

   It protects you from cold.
   It protects you from negative energy.
 B - the +0 plate armour of Fanaticism {rPois rC- MR+++ MP+9}
   (Okawaru gifted it to you on level 2 of the Elven Halls)

   It makes you vulnerable to cold.
   It protects you from poison.
   It affects your resistance to hostile enchantments.
   It affects your magic capacity (+9).
 I - a +1 hat (worn)
 K - a +2 large shield of reflection (worn)
 P - a +0 pair of boots of stealth
 Q - a scarf of spirit shield (worn)
 Y - a +6 plate armour of fire resistance
Jewellery
 b - the ring "Zoylu" (right hand) {rElec Int+2 Dex+4 Slay+5 SInv}
   (You took it off a deep elf high priest on level 3 of the Elven Halls)

   [ring of dexterity]

   It affects your intelligence (+2).
   It affects your dexterity (+4).
   It affects your accuracy and damage with ranged weapons and melee attacks
   (+5).
   It insulates you from electricity.
   It lets you see invisible.
 c - an uncursed ring of see invisible
 l - an uncursed ring of fire {unknown}
 q - an uncursed ring of poison resistance
 y - a ring of resist corrosion (left hand)
 G - the ring of Vonoint {rF+ rC++ Str+4 Stlth+}
   (You bought it in a shop on level 2 of the Shoals)

   [ring of stealth]

   It affects your strength (+4).
   It protects you from fire.
   It greatly protects you from cold.
   It makes you more stealthy.
 H - a cursed amulet of inaccuracy {unknown}
 J - a +4 ring of intelligence {unknown}
 O - the ring "Coejedwara" {rC+ MP+9 Str-2 Dex-5 Slay+4 SInv}
   (You found it in an ice cave)

   [ring of protection from cold]

   It affects your strength (-2).
   It affects your dexterity (-5).
   It affects your accuracy and damage with ranged weapons and melee attacks
   (+4).
   It protects you from cold.
   It affects your magic capacity (+9).
   It lets you see invisible.
 X - the amulet of Tempters (around neck) {Gourm *Slow +Blink rPois Slay+2}
   (You bought it in a shop on level 2 of the Shoals)

   [amulet of the gourmand]

   It allows you to eat raw meat even when not hungry.
   It affects your accuracy and damage with ranged weapons and melee attacks
   (+2).
   It protects you from poison.
   It lets you blink.
   It may slow you when you take damage.
Wands
 o - a wand of lightning (6/15)
 x - a wand of acid (8/15)
 F - a wand of scattershot (9/9)
Scrolls
 k - 2 scrolls of blinking
 m - 17 scrolls of identify
 n - 2 scrolls of brand weapon
 p - 5 scrolls of magic mapping
 s - 13 scrolls of teleportation
 u - 15 scrolls of remove curse
 w - a scroll of fear
 D - a scroll of vulnerability {unknown}
 L - a scroll of amnesia
 W - a scroll of holy word
Potions
 d - 3 potions of brilliance
 e - a potion of invisibility
 h - 11 potions of curing
 i - 4 potions of might
 j - 9 potions of flight
 t - 7 potions of resistance
 z - 6 potions of agility
 C - 4 potions of haste
 M - 2 potions of cancellation
 U - 3 potions of ambrosia
Books
 g - a book of Alchemy

   Spells                             Type                      Level
   a - Sublimation of Blood           Necromancy                   2
   b - Ignite Poison                  Fire/Transmutation/Poison    3
   c - Petrify                        Transmutation/Earth          4
   d - Alistair's Intoxication        Transmutation/Poison         5
   e - Irradiate                      Conjuration/Transmutation    5
 S - a manual of Armour
Miscellaneous
 v - a lightning rod (3/4)
Comestibles
 f - 23 bread rations
 r - 16 meat rations
 E - 14 royal jellies
 Z - 24 fruits


   Skills:
 + Level 20.6 Fighting
 - Level 16.2 Long Blades
 + Level 17.5 Armour
 - Level 26.7 Shields
 * Level 8.1 Invocations


You had 19 spell levels left.
You didn't know any spells.

Dungeon Overview and Level Annotations

Branches:
Dungeon (15/15)            Temple (0/1) D:7            Lair (6/6) D:10
 Shoals (4/4) Lair:3       Spider (4/4) Lair:2        Slime (1/5) Lair:5
    Orc (2/2) D:10            Elf (3/3) Orc:2        Vaults (0/5) D:14
 Depths: D:15

Altars:
Cheibriados
Elyvilon
Gozag
Hepliaklqana
Kikubaaqudgha
Makhleb
Nemelex Xobeh
Okawaru
Qazlal
Trog
Vehumet
Xom
Yredelemnul
The Shining One

Shops:
D:4 (   D:9 :   D:10 (   Orc:2 :![%   Elf:1 !   Elf:3 :   Shoals:1 [
Shoals:2 =

Annotations:
Lair:6 exclusion: oklob plant
Shoals:4 Ilsuiw


Innate Abilities, Weirdness & Mutations

You reflexively headbutt those who attack you in melee.
You have a pair of horns on your head.
You are partially covered in molten scales. (AC +2)
You are clumsy. (Dex -2)
Your muscles are strong. (Str +2)


Message History

The azure jelly freezes you! You resist.
* * * LOW HITPOINT WARNING * * *
You block the azure jelly's attack. x2
The very large slime creature barely misses you.
You furiously retaliate!
You headbutt the very large slime creature!
Two slime creatures merge to form a large slime creature.
The very large slime creature hits you but does no damage.
The titanic slime creature hits you!
* * * LOW HITPOINT WARNING * * *
You feel yourself slow down.
The slime creature hits you but does no damage.
You climb upwards.
Welcome back to the Lair of Beasts!
There is a staircase to the Slime Pits here.
You block the azure jelly's attack.
The azure jelly hits you but does no damage.
You block the azure jelly's attack. The azure jelly hits you.
* * * LOW HITPOINT WARNING * * *
A very large slime creature splits.
The titanic slime creature hits you!!!!
You die...

# ###..........[.....§§≈≈§§≈.
#........(........≈≈§≈≈§≈.
#..........##........§...§
###...#....P....#......... ###
##...#.........#§........ ###.#
##.P.......P..............
...#####.........................
.....##..........................
..............JJ@....}(..........
.....≈≈≈......JJJJ#..............
.....≈≈≈......JJ...#..........#..
..##.≈≈≈.......#.#########..#####
...#.(....P..#.#..# ##.## ###
..###.........#..P## #..P###P#
...##..............# ##..(...#
...................# ##.#.##..#
..................## #.#.####.#


You could see an azure jelly, a titanic slime creature, a very large slime
creature, 2 large slime creatures and 3 slime creatures.

Vanquished Creatures
  A Cloud Mage (WizLab)
  A deep elf master archer (Elf:3)
  2 deep elf blademasters (Elf:3)
  An acid blob (Slime:1)
  2 krakens (Shoals:1)
  The ghost of Ferkelamun the Spry, an adept HaHu of Okawaru (Spider:4)
  Roxanne (Spider:1)
  2 frost giants
  Donald (Elf:3)
  3 deep elf sorcerers (Elf:3)
  7 emperor scorpions
  4 ghost moths
  An orc warlord (Orc:2)
  4 deep elf elementalists (Elf:3)
  A stone giant (Volcano)
  The ghost of NorthaanB the Impaler, a journeyman MfIE of Okawaru (Lair:6)
  3 entropy weavers
  5 deep elf demonologists (Elf:3)
  Nessos (Lair:4)
  4 deep elf annihilators (Elf:3)
  3 spark wasps
  A merfolk javelineer (Shoals:4)
  A minotaur (Lab)
  9 deep elf death magi
  Josephine (D:12)
  8 merfolk impalers
  The ghost of Rhok the Carver, a journeyman MiFi of Ru (Orc:1)
  3 vault guards (D:14)
  Fannar (D:11)
  3 deep elf high priests (Elf:3)
  7 hydras
  8 merfolk aquamancers
  Erica (D:8)
  2 spriggan air magi (WizLab)
  2 centaur warriors
  26 dancing weapons
  4 catoblepae
  A death knight (D:8)
  8 two-headed ogres
  An alligator snapping turtle (Shoals:1)
  2 small abominations (Elf:3)
  4 tengu warriors
  The ghost of polve the Carver, a journeyman DsBe of Trog (Lair:1)
  A satyr (Shoals:3)
  11 death yaks
  A queen ant (Spider:3)
  4 orc high priests (Orc:2)
  Sonja (Orc:2)
  24 deep elf knights
  A death drake (shapeshifter) (Elf:1)
  The ghost of meatball the Ducker, a novice OpFi (D:7)
  10 sea snakes
  5 unseen horrors
  17 deep elf archers
  3 orc knights
  3 orc sorcerers
  50 deep elf magi
  2 ugly things
  43 wolf spiders
  28 orb spiders
  14 harpies
  3 fauns (Shoals:1)
  3 cyclopes
  9 manticores
  2 moths of wrath (Spider:4)
  Joseph (D:9)
  7 merfolk sirens
  An ice statue (IceCv)
  8 black mambas
  A water nymph (shapeshifter) (D:13)
  5 water nymphs
  2 gargoyles
  10 spiny frogs
  A torpor snail (Spider:1)
  An efreet (Volcano)
  A rime drake (Lair:1)
  2 ice devils (D:13)
  16 demonic crawlers
  11 komodo dragons
  3 kobold demonologists
  8 trolls
  4 tengu conjurers
  A meliai (D:14)
  31 jumping spiders
  24 merfolk
  14 polar bears (IceCv)
  11 wind drakes
  5 hornets
  3 slime creatures (Slime:1)
  10 dream sheep
  10 hippogriffs
  9 snapping turtles
  20 blink frogs
  51 redbacks
  13 water elementals
  36 air elementals
  64 yaks
  38 tarantellas
  3 basilisks
  7 fire bats (Volcano)
  4 wraiths (D:12)
  5 fire elementals
  4 hogs (D:7)
  A human (D:7)
  7 wyverns
  A hungry ghost (D:14)
  5 wargs (Orc:2)
  13 insubstantial wisps (WizLab)
  10 soldier ants
  Menkaure (D:6)
  22 water moccasins
  10 porcupines
  Duvessa (D:6)
  33 orc warriors
  An eye of draining (D:9)
  4 phantoms
  4 ice beasts
  3 sky beasts
  24 wolves
  12 ogres
  10 centaurs
  13 crocodiles
  6 big kobolds
  22 bullfrogs
  Dowan (D:6)
  A wyvern zombie (D:12)
  18 earth elementals
  2 wyvern skeletons
  5 scorpions
  8 killer bees
  9 wights
  5 electric eels
  8 lava snakes
  3 crimson imps
  A howler monkey (D:8)
  2 bullfrog zombies
  3 quasits
  7 hounds
  6 centaur zombies
  47 orc priests
  2 jellies
  3 bullfrog skeletons
  4 centaur skeletons
  36 orc wizards
  2 iguanas
  37 worker ants
  A hound zombie (D:8)
  3 hound skeletons
  4 gnolls (D:7)
  9 adders
  A shadow imp (D:14)
  2 adder zombies
  2 adder skeletons
  8 worms
  4 dart slugs
  4 leopard geckos
  100 orcs
  3 giant cockroaches
  5 goblins
  5 hobgoblins
  6 jackals
  21 kobolds
  5 quokkas
  8 bats
  3 frilled lizards
  A quokka skeleton (D:5)
  4 rats
  A spectral orc (D:2)
  3 crawling corpses (Elf:3)
  A fungus (Lair:6)
  4 tentacles (Shoals:1)
1446 creatures vanquished.

Vanquished Creatures (others)
  A deep elf master archer (Elf:3)
  3 merfolk javelineers
  2 merfolk aquamancers (Shoals:1)
  2 deep elf knights (Elf:3)
  5 deep elf archers
  A deep elf mage (Elf:3)
  A faun (Shoals:1)
  2 manticores (Shoals:4)
  A polar bear (IceCv)
  An air elemental (Elf:1)
  2 yaks (IceCv)
  A wolf (IceCv)
  5 fungi
  13 plants
  13 tentacles (Shoals:1)
53 creatures vanquished.

Grand Total: 1499 creatures vanquished

Notes
Turn   | Place    | Note
-------+----------+-------------------------------------------
     0 | D:1      | gobwax the Minotaur Fighter began the quest for the Orb.
     0 | D:1      | Reached XP level 1. HP: 19/19 MP: 0/0
   199 | D:1      | Reached XP level 2. HP: 23/26 MP: 1/1
   857 | D:2      | Reached XP level 3. HP: 30/31 MP: 2/2
   893 | D:2      | Found a burning altar of Makhleb.
  1304 | D:2      | Reached skill level 5 in Long Blades
  1441 | D:2      | Found a basalt altar of Yredelemnul.
  1532 | D:3      | Reached XP level 4. HP: 34/39 MP: 3/3
  1656 | D:3      | Found an iron altar of Okawaru.
  1668 | D:3      | Became a worshipper of Warmaster Okawaru
  1968 | D:3      | Reached XP level 5. HP: 21/45 MP: 4/4
  2081 | D:3      | Found a hazy altar of Hepliaklqana.
  2433 | D:4      | Reached XP level 6. HP: 40/51 MP: 5/5
  2802 | D:4      | Reached * piety under Okawaru
  2884 | D:4      | Found Gummaur's Weapon Shop.
  3044 | D:4      | Found a glowing golden altar of the Shining One.
  3200 | D:5      | Entered Level 5 of the Dungeon
  3200 | D:5      | Found a snail-covered altar of Cheibriados.
  3333 | D:5      | Reached XP level 7. HP: 44/57 MP: 6/6
  3724 | D:5      | Reached skill level 10 in Long Blades
  3724 | D:5      | Reached skill level 4 in Shields
  3929 | D:5      | Reached ** piety under Okawaru
  4210 | D:6      | Reached XP level 8. HP: 24/64 MP: 7/7
  4540 | D:6      | Noticed Menkaure
  4552 | D:6      | Killed Menkaure
  4878 | D:6      | Noticed a hornet
  4880 | D:6      | Paralysed by a hornet for 2 turns
  4891 | D:6      | Paralysed by a hornet for 2 turns
  4898 | D:6      | Paralysed by a hornet for 3 turns
  4904 | D:6      | Killed a hornet
  4904 | D:6      | Reached *** piety under Okawaru
  5186 | D:6      | Noticed Duvessa
  5186 | D:6      | Noticed Dowan
  5410 | D:6      | Found a stormy altar of Qazlal.
  5572 | D:6      | Killed Duvessa
  5572 | D:6      | Reached XP level 9. HP: 57/70 MP: 8/8
  5586 | D:6      | Killed Dowan
  5676 | D:7      | Found a shimmering altar of Xom.
  5679 | D:7      | Found an ancient bone altar of Kikubaaqudgha.
  5682 | D:7      | Found a white marble altar of Elyvilon.
  5828 | D:7      | Found a staircase to the Ecumenical Temple.
  5842 | D:7      | Noticed meatball's ghost (novice OpFi)
  5862 | D:7      | Killed meatball's ghost
  5862 | D:7      | Reached **** piety under Okawaru
  5862 | D:7      | Reached skill level 15 in Long Blades
  5862 | D:7      | Reached skill level 1 in Invocations
  6057 | D:7      | Found an iron altar of Okawaru.
  6178 | D:7      | Reached XP level 10. HP: 61/77 MP: 9/9
  6363 | D:8      | Reached ***** piety under Okawaru
  6392 | D:8      | Found a sparkling altar of Nemelex Xobeh.
  6392 | D:8      | Found an opulent altar of Gozag.
  6492 | D:8      | Noticed a two-headed ogre
  6502 | D:8      | Killed a two-headed ogre
  6502 | D:8      | Reached skill level 5 in Fighting
  6502 | D:8      | Reached skill level 5 in Armour
  6660 | D:8      | Noticed Erica
  6678 | D:8      | Killed Erica
  7101 | D:8      | Found a bloodstained altar of Trog.
  7195 | D:8      | Noticed a two-headed ogre
  7203 | D:8      | Killed a two-headed ogre
  7321 | D:8      | Found a large runed door.
  7337 | D:8      | Found a large runed door.
  7518 | D:8      | Noticed a two-headed ogre
  7528 | D:8      | Killed a two-headed ogre
  7528 | D:8      | Reached XP level 11. HP: 82/94 MP: 7/10
  7602 | D:8      | Found an iron altar of Okawaru.
  7654 | D:8      | Killed an unseen horror
  7860 | D:8      | Found an opulent altar of Gozag.
  7860 | D:8      | Noticed a death knight
  7870 | D:8      | Killed a death knight
  8053 | D:9      | Reached skill level 10 in Armour
  8094 | D:9      | Noticed a two-headed ogre
  8118 | D:10     | Entered Level 10 of the Dungeon
  8178 | D:9      | Killed a two-headed ogre
  8237 | D:9      | Reached ****** piety under Okawaru
  8506 | D:9      | Received a gift from Okawaru
  8520 | D:9      | Noticed Joseph
  8525 | D:9      | Killed Joseph
  8830 | D:9      | Found Koemmisk's Book Emporium.
  9088 | D:10     | Found Couxt's Weapon Boutique.
  9088 | D:10     | Found a staircase to the Orcish Mines.
  9088 | D:10     | Noticed an orc knight
  9113 | D:10     | Killed an orc knight
  9113 | D:10     | Received a gift from Okawaru
  9113 | D:10     | Reached skill level 10 in Fighting
  9365 | D:10     | Found a staircase to the Lair.
  9460 | D:10     | Reached skill level 5 in Shields
  9604 | D:11     | Noticed a five-headed hydra
  9610 | D:11     | Killed a three-headed hydra
  9618 | D:11     | Noticed Fannar
  9625 | D:11     | Killed Fannar
  9625 | D:11     | Reached skill level 6 in Shields
  9647 | D:11     | Found a labyrinth entrance.
  9656 | Lab      | Entered a labyrinth
 10505 | Lab      | Noticed a minotaur
 10526 | Lab      | Killed a minotaur
 10526 | Lab      | Reached XP level 12. HP: 40/110 MP: 2/11
 10832 | D:11     | Reached skill level 7 in Shields
 11150 | D:11     | Got a bloodstained scale mail
 11161 | D:11     | Identified the +5 scale mail "Bueso" {*Slow rElec Int+7} (You found it on level 11 of the Dungeon)
 11501 | D:12     | Noticed a two-headed ogre
 11507 | D:12     | Killed a two-headed ogre
 11579 | D:12     | Reached skill level 8 in Shields
 11716 | D:12     | Noticed a two-headed ogre
 11723 | D:12     | Killed a two-headed ogre
 11723 | D:12     | Received a gift from Okawaru
 11773 | D:12     | Noticed Josephine
 11784 | D:12     | Killed Josephine
 11803 | D:12     | Reached skill level 9 in Shields
 12050 | D:12     | Noticed a tengu warrior
 12075 | D:12     | Killed a tengu warrior
 12481 | D:13     | Noticed a centaur warrior
 12675 | D:13     | Reached skill level 10 in Shields
 12709 | D:13     | Killed a centaur warrior
 12709 | D:13     | Reached XP level 13. HP: 108/125 MP: 12/12
 12732 | D:13     | Found a frozen archway.
 12750 | IceCv    | Entered an ice cave
 12934 | IceCv    | Reached skill level 15 in Fighting
 12934 | IceCv    | Reached skill level 11 in Shields
 13046 | IceCv    | Noticed a frost giant
 13065 | IceCv    | Killed a frost giant
 13065 | IceCv    | Received a gift from Okawaru
 13095 | IceCv    | Reached skill level 12 in Shields
 13124 | IceCv    | Got a scorched tin ring
 13859 | D:13     | Gained mutation: You are partially covered in molten scales. (AC +2) [potion of mutation]
 13859 | D:13     | Gained mutation: Your muscles are strong. (Str +2) [potion of mutation]
 13942 | D:13     | Reached skill level 13 in Shields
 14381 | D:14     | Found a gate to the Vaults.
 14390 | D:15     | Entered Level 15 of the Dungeon
 14653 | D:14     | Reached skill level 14 in Shields
 14913 | D:14     | Received a gift from Okawaru
 14913 | D:14     | Reached XP level 14. HP: 112/135 MP: 10/13
 14914 | D:14     | Got a silken robe {god gift}
 15122 | D:14     | Reached skill level 15 in Shields
 15599 | Orc:1    | Entered Level 1 of the Orcish Mines
 15601 | Orc:1    | Noticed Rhok's ghost (journeyman MiFi)
 15616 | Orc:1    | Killed Rhok's ghost
 15695 | Orc:2    | Entered Level 2 of the Orcish Mines
 15695 | Orc:2    | Found a staircase to the Elven Halls.
 15929 | Orc:2    | Noticed Sonja
 15940 | Orc:2    | Noticed an orc warlord
 15993 | Orc:2    | Killed an orc warlord
 15993 | Orc:2    | Reached skill level 16 in Shields
 16003 | Orc:2    | HP: 5/135 [orc warrior/halberd[an orc warlord] (10)]
 16479 | Orc:2    | Found Faarey's Food Shoppe.
 16479 | Orc:2    | Found Kohias's Antique Armour Shoppe.
 16488 | Orc:2    | Found Keuqunuf's Book Emporium.
 16507 | Orc:2    | Found Poblyeta's Distillery.
 16546 | Orc:2    | Bought a pair of distressingly furry boots for 247 gold pieces
 16556 | Orc:2    | Identified the +1 pair of boots of Listlessness {-Tele Regen+ rCorr Dex+7} (You bought it in a shop on level 2 of the Orcish Mines)
 16837 | Orc:2    | Reached skill level 17 in Shields
 17022 | Orc:2    | Killed Sonja
 17535 | Lair:1   | Entered Level 1 of the Lair of Beasts
 17639 | Lair:1   | Noticed polve's ghost (journeyman DsBe)
 17653 | Lair:1   | Killed polve's ghost
 17653 | Lair:1   | Received a gift from Okawaru
 17672 | Lair:1   | Identified the ring "Coejedwara" {rC+ MP+9 Str-2 Dex-5 Slay+4 SInv} (You found it in an ice cave)
 17887 | Lair:1   | Reached skill level 18 in Shields
 18363 | Lair:2   | Found a hole to the Spider Nest.
 19194 | Lair:3   | Found a staircase to the Shoals.
 19197 | Lair:3   | Reached XP level 15. HP: 141/141 MP: 14/14
 19341 | Lair:3   | Reached skill level 19 in Shields
 19433 | Lair:3   | Received a gift from Okawaru
 20149 | Lair:4   | Noticed Nessos
 20158 | Lair:4   | Killed Nessos
 20352 | Lair:4   | Got a smoking rapier
 20353 | Lair:4   | Identified the +5 rapier of the Equator {pierce, *Drain Dex+6 SInv} (You found it on level 4 of the Lair of Beasts)
 20819 | Lair:5   | Found a staircase to the Slime Pits.
 21240 | Lair:5   | Found a dark tunnel.
 21248 | Volcano  | Entered a volcano
 21280 | Volcano  | Reached skill level 20 in Shields
 21391 | Volcano  | Received a gift from Okawaru
 21403 | Volcano  | Found a burning altar of Makhleb.
 21476 | Volcano  | Found a radiant altar of Vehumet.
 21574 | Lair:5   | Reached XP level 16. HP: 149/149 MP: 15/15
 22017 | Lair:6   | Entered Level 6 of the Lair of Beasts
 22022 | Lair:6   | Reached skill level 21 in Shields
 22339 | Lair:6   | Noticed NorthaanB's ghost (journeyman MfIE)
 22353 | Lair:6   | Killed NorthaanB's ghost
 22587 | Lair:6   | Received a gift from Okawaru
 22686 | Lair:6   | Reached skill level 22 in Shields
 22847 | Lair:6   | Got a pitted double sword {god gift}
 22878 | Lair:6   | Identified the +0 double sword of Inynuxzi {slice, Dex+9} (Okawaru gifted it to you on level 6 of the Lair of Beasts)
 23181 | Shoals:1 | Entered Level 1 of the Shoals
 23385 | Shoals:1 | Found Nieloib's Antique Armour Shop.
 23551 | Shoals:1 | Noticed a kraken
 23688 | Shoals:1 | Killed a kraken
 23688 | Shoals:1 | Reached XP level 17. HP: 139/156 MP: 16/16
 23710 | Shoals:1 | Noticed a kraken
 23724 | Shoals:1 | Killed a kraken
 23724 | Shoals:1 | Received a gift from Okawaru
 23772 | Shoals:2 | Reached skill level 23 in Shields
 24158 | Shoals:2 | Found Ceen Keo's Jewellery Shoppe.
 24172 | Shoals:2 | Bought the ring of Vonoint {rF+ rC++ Str+4 Stlth+} for 746 gold pieces
 24348 | Shoals:3 | Received a gift from Okawaru
 24701 | Shoals:3 | Reached skill level 24 in Shields
 24769 | Shoals:4 | Entered Level 4 of the Shoals
 24769 | Shoals:4 | Noticed Ilsuiw
 25212 | Shoals:4 | Received a gift from Okawaru
 25447 | Shoals:4 | Got a barnacled rune of Zot
 25466 | Shoals:4 | Reached skill level 25 in Shields
 25556 | Shoals:2 | Bought the amulet of Tempters {Gourm *Slow +Blink rPois Slay+2} for 663 gold pieces
 25635 | Spider:1 | Entered Level 1 of the Spider Nest
 25995 | Spider:1 | Noticed Roxanne
 26009 | Spider:1 | Got a steaming scale mail
 26163 | Lair:2   | Identified the +2 scale mail of the Robin {rC+} (You found it on level 1 of the Spider Nest)
 26233 | Elf:1    | Entered Level 1 of the Elven Halls
 26251 | Elf:1    | Found a radiant altar of Vehumet.
 26288 | Elf:1    | Received a gift from Okawaru
 26357 | Elf:1    | Reached XP level 18. HP: 154/163 MP: 17/17
 26623 | Elf:1    | Reached skill level 26 in Shields
 26626 | Elf:1    | Found Ettabora's Distillery.
 26977 | Elf:2    | Received a gift from Okawaru
 26999 | Elf:2    | Got an ancient plate armour {god gift}
 27010 | Elf:2    | Identified the +0 plate armour of Fanaticism {rPois rC- MR+++ MP+9} (Okawaru gifted it to you on level 2 of the Elven Halls)
 27222 | Elf:2    | Found a magical portal.
 27240 | WizLab   | Entered The Chambers of the Cloud Mage
 27638 | WizLab   | Noticed Fedwout
 27661 | WizLab   | Killed Fedwout the Cloud Mage
 27693 | WizLab   | Identified the Reference Book on Flight
 27699 | WizLab   | Identified Sif Muna's Tome of the Birds
 27898 | Elf:2    | Found a runed gate.
 27914 | Elf:2    | Found a runed gate.
 27928 | Elf:2    | Found a runed gate.
 27993 | Elf:2    | Received a gift from Okawaru
 28897 | Elf:3    | Entered Level 3 of the Elven Halls
 28909 | Elf:3    | Found Loci's Book Boutique.
 28925 | Elf:3    | Noticed Donald
 28936 | Elf:3    | Killed Donald
 29043 | Elf:3    | Received a gift from Okawaru
 29043 | Elf:3    | Reached XP level 19. HP: 97/174 MP: 15/20
 29051 | Elf:3    | Got a crude plate armour {god gift}
 29107 | Elf:3    | Noticed a Tzitzimitl
 29745 | Elf:3    | Identified the +1 plate armour of Jigsaw {rPois Stlth+} (Okawaru gifted it to you on level 3 of the Elven Halls)
 30396 | Elf:3    | Reached skill level 5 in Invocations
 30402 | Elf:3    | Gained mutation: You are clumsy. (Dex -2) [a neqoxec]
 30647 | Elf:3    | Received a gift from Okawaru
 30700 | Elf:3    | Got a flickering lapis lazuli ring
 30703 | Elf:3    | Got an iridescent falchion {venom}
 30703 | Elf:3    | Got a distressingly furry plate armour
 30724 | Elf:3    | Identified the cursed +0 plate armour "Olulit" {+Inv rElec rN+} (You took it off a deep elf high priest on level 3 of the Elven Halls)
 30738 | Elf:3    | Identified the ring "Zoylu" {rElec Int+2 Dex+4 Slay+5 SInv} (You took it off a deep elf high priest on level 3 of the Elven Halls)
 30954 | Elf:3    | Got a pitted platinum ring
 30968 | Elf:3    | Identified the Disquisition on Ashen Hexes
 31015 | Elf:3    | Identified the ring "Saduifa" {rPois MP+9 Stlth-} (You found it on level 3 of the Elven Halls)
 32059 | Spider:1 | Killed Roxanne
 32059 | Spider:1 | Received a gift from Okawaru
 32062 | Spider:1 | Identified Roxanne's Incunabulum of the Rocks (You took it off Roxanne on level 1 of the Spider Nest)
 32106 | Spider:2 | Reached skill level 15 in Armour
 32851 | Spider:3 | Reached XP level 20. HP: 191/191 MP: 24/24
 32966 | Spider:3 | Got a translucent chain mail
 32977 | Spider:3 | Identified the +11 chain mail of Kikubaaqudgha's Envy {rC+ rN+} (You found it on level 3 of the Spider Nest)
 33348 | Spider:4 | Entered Level 4 of the Spider Nest
 33381 | Spider:4 | Noticed Ferkelamun's ghost (adept HaHu)
 33404 | Spider:4 | Killed Ferkelamun's ghost
 33420 | Spider:4 | Received a gift from Okawaru
 34645 | Spider:4 | Got a gossamer rune of Zot
 34793 | Slime:1  | Entered Level 1 of the Pits of Slime
 34817 | Lair:5   | Annihilated by a titanic slime creature

Skill      XL: |  1  2  3  4  5  6  7  8  9 10 11 12 13 14 15 16 17 18 19 20 |
---------------+-------------------------------------------------------------+-----
Long Blades    | 3 4 5 6 7 9 11 13 16 | 16.2
Shields        | 4 6 10 14 18 20 22 25 26 | 26.7
Invocations    | 1 3 6 8 |  8.1
Fighting       | 8 11 14 15 16 19 20 | 20.6
Armour         | 8 10 12 15 17 | 17.5

Action                   |  1- 3 |  4- 6 |  7- 9 | 10-12 | 13-15 | 16-18 | 19-21 || total
-------------------------+-------+-------+-------+-------+-------+-------+-------++-------
Melee: Long sword        |   108 |   144 |   341 |   131 |       |       |       ||   724
       Headbutt          |    16 |    29 |    57 |   119 |   253 |   286 |   220 ||   980
       Scimitar          |       |       |       |   441 |  1006 |   195 |       ||  1642
       Double sword      |       |       |       |       |       |   967 |   794 ||  1761
Invok: Heroism           |       |       |     6 |     9 |     5 |     6 |     4 ||    30
       Finesse           |       |       |       |     1 |       |     4 |     2 ||     7
Evoke: Lightning rod     |       |       |       |       |       |       |     1 ||     1
       Phantom mirror    |       |       |       |       |       |       |     1 ||     1
  Use: Scroll            |       |     3 |     5 |     9 |    15 |    10 |     8 ||    50
       Potion            |       |       |     4 |     8 |     6 |     6 |     4 ||    28
 Stab: Petrifying        |       |       |       |       |       |     2 |       ||     2
       Petrified         |       |       |       |       |       |     2 |       ||     2
  Eat: Chunk             |     5 |    12 |     9 |    19 |    26 |    28 |    21 ||   120
       Fruit             |       |       |       |       |       |     4 |       ||     4
Armor: Chain mail        |     5 |       |    59 |       |       |       |   148 ||   212
       Plate armour      |    54 |    58 |    90 |   307 |   417 |   371 |   137 ||  1434
Dodge: Dodged            |    13 |    33 |    87 |   119 |   180 |   151 |   137 ||   720
Block: Shield            |    61 |    46 |       |       |   475 |       |       ||   582
       Buckler           |       |     9 |    73 |    97 |    39 |       |       ||   218
       Large shield      |       |       |       |       |    60 |  1356 |  1006 ||  2422
       Reflection        |       |       |       |       |     1 |   146 |    58 ||   205
       Rpst.: Long sword |     4 |     6 |    22 |     8 |       |       |       ||    40
       Scimitar          |       |       |       |    16 |    37 |     6 |       ||    59
       Double sword      |       |       |       |       |       |    35 |    20 ||    55
